Map: Ulrena

Players

Grumm - Winner!

  • Race: Protoss Protoss
  • League: Gold

Pickle

  • Race: Zerg Zerg
  • League: Gold

VOD

Have the link to the VOD?

Description

Time

  • Played on: Feb. 14, 2016, 2:26 p.m.
  • Length: 8:21
Show
View Real Time Build Order
Export as new Build Order

Grumm Protoss - Winner!

Build Orders:  

Get SALT Encoding   

  12  0:01  Probe (Chrono Boost)  
  13  0:17  Pylon  
  13  0:18  Probe (Chrono Boost)  
  14  0:28  Probe (Chrono Boost)  
  15  0:36  Gateway  
  15  0:45  Probe (Chrono Boost)  
  16  0:53  Gateway  
  16  0:58  Assimilator  
  16  0:59  Probe (Chrono Boost)  
  17  1:20  Probe (Chrono Boost)  
  17  1:24  Zealot  
  20  1:27  Cybernetics Core  
  20  1:30  Pylon  
  20  1:41  Zealot  
  20  1:43  Probe (Chrono Boost)  
  22  1:49  Assimilator  
  22  1:53  Probe (Chrono Boost)  
  23  2:03  Probe (Chrono Boost)  
  23  2:04  Warp Gate (Chrono Boost)  
  24  2:08  Adept  
  24  2:13  Adept  
  28  2:16  Probe  
  29  2:28  Pylon  
  29  2:37  Robotics Facility  
  29  2:42  Adept  
  31  2:48  Zealot  
  33  2:53  Probe  
  34  3:10  Stargate  
  34  3:13  Zealot  
  34  3:19  Pylon  
  36  3:37  Warp Prism  
  32  4:11  Oracle  
  32  4:13  Immortal (Chrono Boost)  
  39  4:22  Pylon  
  39  4:30  Stalker  
  39  4:31  Stalker  
  37  4:44  Mothership Core  
  33  4:58  Stalker  
  33  4:59  Stalker  
  36  5:26  Stalker  
  36  5:27  Adept  
  38  5:48  Probe, Immortal (Chrono Boost)  
  43  5:55  Zealot x2  
  47  6:00  Probe  
  48  6:19  Nexus  
  48  6:30  Stalker  
  46  6:49  Stalker  
  45  6:59  Void Ray, Immortal (Chrono Boost)  
  51  7:11  Stalker  
  45  7:28  Zealot  
  47  7:53  Zealot x2  
Show
View Real Time Build Order
Export as new Build Order

Pickle Zerg 

Build Orders: Pool First 

Get SALT Encoding   

  12  0:01  Drone  
  13  0:10  Drone  
  14  0:26  Spawning Pool  
  13  0:29  Drone  
  14  0:37  Extractor  
  14  0:40  Drone  
  14  0:44  Overlord  
  14  0:53  Extractor  
  14  0:54  Drone  
  15  1:04  Drone  
  16  1:16  Queen  
  16  1:17  Zergling x4  
  20  1:28  Zergling x2  
  21  1:35  Zergling x2  
  22  1:47  Overlord  
  22  1:51  Metabolic Boost  
  22  2:11  Hatchery  
  21  2:18  Drone x2  
  23  2:31  Roach Warren  
  22  2:38  Drone x2  
  22  2:42  Drone  
  25  3:05  Overlord  
  25  3:14  Roach x2  
  29  3:23  Roach x4  
  37  3:29  Overlord  
  36  3:35  Roach  
  38  3:42  Roach  
  38  3:44  Roach  
  42  3:54  Roach  
  41  3:56  Zergling x2  
  41  3:57  Zergling x2  
  43  4:08  Roach x2  
  47  4:15  Roach  
  49  4:19  Roach  
  49  4:24  Drone  
  51  4:36  Overlord x2  
  48  4:45  Roach x2  
  50  4:52  Roach  
  44  5:03  Roach x3  
  42  5:15  Roach x2  
  42  5:16  Drone  
  47  5:24  Roach x2  
  51  5:33  Spore Crawler  
  50  5:39  Roach  
  50  5:40  Roach  
  54  5:51  Spore Crawler  
  54  5:52  Drone x2  
  54  5:53  Drone  
  56  6:05  Evolution Chamber  
  56  6:07  Roach  
  56  6:08  Zergling x2  
  58  6:13  Drone  
  58  6:14  Drone  
  60  6:26  Roach  
  60  6:27  Roach x2  
  64  6:34  Roach  
  64  6:41  Roach  
  61  6:49  Roach  
  15  7:32  Zergling x10  
  15  7:33  Zergling x2  
  15  7:34  Queen  
  15  7:35  Queen  
  23  7:48  Zergling x4  
  23  7:54  Zergling x4  
Tags
 
League
GoldGold
Matchup
PvZ
Opening
Pool First
Replay Pack
sc2 replays 2016
Add a new tag
Caveats
  • Supply blocks, unpowered buildings, or Contaminate may cause inaccurate times.
  • Supply counts are checked every 10 seconds.